AoeStats
← E-d-d-i-e91G

Arabia

509190705Analyzed
1v1 RM · 8d ago on Sep 25, 2026· 31m 44s· 2 players
Game mode
Random Map
Map size
Tiny (2 player)
Population
200
Speed
Normal
Resources
Standard
Victory
Conquest
Starting age
Dark Age
Ending age
Imperial Age
RankedLock teamsTeams togetherTeam positionsShared explorationLock speedFull tech treeHidden civsTurbo modeCheats
Victory
Defeat
🇦🇷 Mongols · Argentina
1001
+16
🇦🇺 Wu · Australia
995
-45
E-d-d-i-e91G
11:20 Feudal Age
12:45 Wheelbarrow
15:32 Town Watch
15:31 Horse Collar
15:42 Double-Bit Axe
15:53 Gold Mining
20:56 Loom
21:04 Loom
El Plom9721
10:31 Feudal Age
8:47 Loom
14:44 Castle Age
14:36 Bloodlines
20:20 Double-Bit Axe
20:17 Horse Collar
25:16 Bow Saw
33:56 Imperial Age
Connection lost

Rejoining the realm…

Still unreachable

The connection could not be restored.

Session expired

The server has moved on; the page needs a fresh start.